 Dungeon Crawl Stone Soup version 0.27.1-33-g824d729ab1 (webtiles) character file.

Game seed: 10973862931061528033

2 jlumianski the Skirmisher (level 1, 0/14 HPs)
             Began as a Gargoyle Monk on Dec 13, 2021.
             Slain by a bat (1 damage)
             ... on level 1 of the Dungeon.
             The game lasted 00:01:42 (123 turns).

jlumianski the Skirmisher (Gargoyle Monk)            Turns: 123, Time: 00:01:43

Health: 0/14       AC:  4    Str: 14    XL:     1   Next: 40%
Magic:  1/1        EV: 12    Int: 10    God:
Gold:   7          SH:  0    Dex: 12    Spells: 0/0 levels left

rFire    . . .     SeeInvis .   a - +0 hand axe
rCold    . . .     Faith    .   (no shield)
rNeg     + . .     Spirit   .   b - +0 robe
rPois    ∞         Reflect  .   (no helmet)
rElec    +         Harm     .   (no cloak)
rCorr    .         Rampage  .   (no gloves)
Will     .....                  (no boots)
Stlth    ++........             (no amulet)
HPRegen  0.04/turn              (no ring)
MPRegen  0.07/turn              (no ring)

@: no status effects
A: sickness immunity, AC +2, negative energy resistance 1, electricity
resistance, torment resistance 1, petrification resistance
a: no special abilities


You were on level 1 of the Dungeon.
You visited 1 branch of the dungeon, and saw 1 of its levels.

You collected 7 gold pieces.

Inventory:

Hand Weapons
 a - a +0 hand axe (weapon)
Armour
 b - a +0 robe (worn)
Potions
 c - a potion of curing {unknown}


   Skills:
 + Level 3.3 Fighting
 + Level 2.8 Axes
 + Level 2.4 Dodging
 + Level 2.2 Stealth


You couldn't memorise any spells.
You didn't know any spells.
Your spell library was empty.

Dungeon Overview and Level Annotations

Branches:
Dungeon (1/15)

Altars:


Innate Abilities, Weirdness & Mutations

You are immune to sickness and miasma.
Your stone body is resilient. (AC +2)
You are immune to poison.
You resist negative energy. (rN+)
You are resistant to electric shocks. (rElec)
You are resistant to unholy torment.
You are immune to petrification.


Message History

Really walk into that dispersal trap?
You enter a dispersal trap!
The endoplasm blinks!
The goblin blinks!
You blink.
The jackal bites you but does no damage.
The jackal barely misses you.
The jackal bites you but does no damage.
The jackal bites you but does no damage.
Found 5 gold pieces.
The jackal bites you but does no damage.
The jackal closely misses you.
A bat comes into view.
The bat barely misses you. The bat hits you but does no damage. x2
The jackal closely misses you.
The jackal bites you but does no damage.
A rat comes into view.
The jackal bites you.
A goblin comes into view. It is wielding a +0 club.
The goblin shouts!
The goblin shouts!
The jackal closely misses you. The goblin closely misses you.
The jackal bites you.
* * * LOW HITPOINT WARNING * * *
The bat hits you but does no damage.
A goblin opens the door.
The bat misses you. The bat hits you but does no damage.
The bat closely misses you. The bat hits you.
* * * LOW HITPOINT WARNING * * *
The bat hits you but does no damage.
Really walk into that dispersal trap?
You enter a dispersal trap!
The goblin blinks!
The endoplasm blinks!
You blink.
The bat enters a dispersal trap!
The jackal blinks!
You blink.
The bat blinks!
You barely miss the bat. The bat barely misses you.
The jackal enters a dispersal trap!
The jackal blinks!
The rat blinks!
You blink.
The bat barely misses you. The bat barely misses you.
The bat barely misses you. The bat hits you but does no damage.
The bat hits you.
You die...

#.#.#h#.#.#.#.#....##
.#####....#r#g#.#.#.#....#
..............§§.r.......+
.########...####.hg......#
##.gh# ##.§.....## ###.#
##.....## #h# ##...#######
#b# ##.....b..# #@#
#.######h# ###.##### #.#
#.h...
#.......###.###h##.#
#.#.##..g#...##.##.#
#.#.#.###.....#.##.# #
#..# ##....h....# #..
#..##...### ##. #$###...#
#. #... ...##


You could see 2 jackals, a goblin, a bat and a rat.

Vanquished Creatures
  A hobgoblin (D:1)
  A jackal (D:1)
2 creatures vanquished.

Notes
Turn   | Place    | Note
-------+----------+-------------------------------------------
     0 | D:1      | jlumianski the Gargoyle Monk began the quest for the Orb.
     0 | D:1      | Reached XP level 1. HP: 14/14 MP: 1/1
   123 | D:1      | Slain by a bat

Illustrated notes

Levels and vault maps discovered:
D:1:      dpeg_arrival_round_b, layout_loops_corners, minivault_23

Action                   || total
-------------------------++-------
Melee: Hand axe          ||     8
Armor: Robe              ||    14
Dodge: Dodged            ||    23
